AoeStats
← Avelio

Northern Isles

510400094Analyzed
1v1 RM · 2d ago on Sep 30, 2026· 23m 45s· 2 players
Game mode
Random Map
Map size
Tiny (2 player)
Population
200
Speed
Normal
Resources
Standard
Victory
Conquest
Starting age
Dark Age
Ending age
Imperial Age
RankedLock teamsTeams togetherTeam positionsShared explorationLock speedFull tech treeHidden civsTurbo modeCheats
Victory
Defeat
🇺🇸 Khitans · United States
865
+17
🇫🇷 Mapuche · France
883
-17
arsenikos1329
12:07 Feudal Age
13:22 Double-Bit Axe
16:12 Forging
18:10 Castle Age
15:57 Loom
18:17 Castle Age
20:27 Iron Casting
21:27 Scale Barding Armor
Avelio
12:28 Feudal Age
13:54 Fishing Lines
14:20 Double-Bit Axe
14:25 Gold Mining
14:18 Horse Collar
16:43 Padded Archer Armor
16:37 Fletching
23:19 Castle Age
Connection lost

Rejoining the realm…

Still unreachable

The connection could not be restored.

Session expired

The server has moved on; the page needs a fresh start.